 Dungeon Crawl Stone Soup version 0.24.1-14-gf8d2b509d9 (webtiles) character file.

Game seed: 8354564582220701129, levelgen mode: deterministic

105005 billz999 the Unseen (level 15, -33/117 HPs)
             Began as a Vampire Earth Elementalist on Feb 1, 2021.
             Was the Champion of Kikubaaqudgha.
             Killed from afar by a thorn hunter (40 damage)
             ... with a volley of thorns
             ... on level 2 of the Swamp on Feb 2, 2021.
             The game lasted 02:45:28 (33908 turns).

billz999 the Unseen (Vampire Earth Elementalist)   Turns: 33908, Time: 02:45:30

Health: -33/117    AC: 11    Str:  7    XL:     15   Next: 93%
Magic:  23/31      EV: 15    Int: 29    God:    Kikubaaqudgha [******]
Gold:   381        SH:  6    Dex: 19    Spells: 8/39 levels left

rFire    . . .     SeeInvis +   h - +3 dagger of Symmetry {pierce, rPois SInv}
rCold    + + .     Gourm    .   p - +0 buckler
rNeg     . . .     Faith    .   a - +2 robe {rF+}
rPois    +         Spirit   .   u - +1 helmet
rElec    .         Reflect  .   f - +1 cloak {+Inv}
rCorr    .         Harm     +   B - +1 pair of gloves "Finaikhlieg" {rF- Regen+ Int+6 Dex+3}
MR       +....                  L - +0 pair of boots
Stlth    ++++++++..             q - amulet "Qabross" {Harm *Drain rC++}
HPRegen  0.89/turn              s - ring of stealth
MPRegen  0.22/turn              (no ring)

@: about to teleport, death channel, very slightly contaminated, regenerating
quickly
A: no food, fangs 3, see invisible, unbreathing
a: Exsanguinate, Receive Corpses, Torment, Brand Weapon With Pain, Receive
Necronomicon, Renounce Religion, Evoke Invisibility


You were on level 2 of the Swamp.
You worshipped Kikubaaqudgha.
Kikubaaqudgha was exalted by your worship.
You were alive.

You visited 5 branches of the dungeon, and saw 26 of its levels.

You collected 2654 gold pieces.
You spent 2273 gold pieces at shops.

Inventory:

Hand Weapons
 h - the +3 dagger of Symmetry (weapon) {pierce, rPois SInv}
   (You bought it in a shop on level 6 of the Dungeon)

   It inflicts extra damage upon your enemies.
   It protects you from poison.
   It lets you see invisible.
Missiles
 C - 321 stones
 E - 384 arrows
 P - a curare-tipped dart (quivered)
Armour
 a - a +2 robe of fire resistance (worn)
 f - a +1 cloak of invisibility (worn)
 p - a +0 buckler (worn)
 u - a +1 helmet (worn)
 B - the +1 pair of gloves "Finaikhlieg" (worn) {rF- Regen+ Int+6 Dex+3}
   (You bought it in a shop on level 2 of the Orcish Mines)

   It affects your intelligence (+6).
   It affects your dexterity (+3).
   It makes you vulnerable to fire.
   It increases your rate of regeneration.
 G - a +2 robe of fire resistance
 I - a +0 shield
 L - a +0 pair of boots (worn)
 Z - a +1 robe of magic resistance
Jewellery
 c - an uncursed ring of ice
 q - the amulet "Qabross" (around neck) {Harm *Drain rC++}
   (You found it on level 15 of the Dungeon)

   [amulet of harm]

   It increases damage dealt and taken.
   It greatly protects you from cold.
   It causes draining when unequipped.
 s - a ring of stealth (left hand)
 w - a +5 amulet of reflection {unknown}
 A - a +4 ring of strength
 V - an uncursed ring of protection from magic
 X - an uncursed amulet of magic regeneration
Wands
 g - a wand of clouds (5)
 j - a wand of flame (8)
 y - a wand of iceblast (5)
 H - a wand of paralysis (6)
 R - a wand of digging (8)
Scrolls
 b - a scroll of vulnerability {unknown}
 k - 6 scrolls of teleportation
 l - 10 scrolls of enchant weapon
 m - 13 scrolls of remove curse
 r - 3 scrolls of magic mapping
 x - 10 scrolls of fog
 J - 6 scrolls of amnesia
 M - a scroll of enchant armour
 O - a scroll of silence
 T - a scroll of torment
 U - a scroll of immolation
 W - 3 scrolls of fear
Potions
 d - a potion of ambrosia
 e - 8 potions of curing
 n - 3 potions of brilliance
 o - a potion of lignification
 t - 2 potions of resistance
 v - 2 potions of mutation
 z - 2 potions of invisibility
 D - 3 potions of magic
 F - a potion of might
 K - 2 potions of heal wounds
 N - a potion of cancellation
 Q - 2 potions of haste
 S - 4 potions of agility
 Y - 2 potions of flight


   Skills:
 - Level 10.5 Fighting
 - Level 10.0 Short Blades
 - Level 4.9 Dodging
 - Level 17.0 Stealth
 + Level 7.5 Shields
 - Level 12.8 Spellcasting
 - Level 5.0 Conjurations
 - Level 2.2 Hexes
 - Level 10.7 Necromancy
 - Level 5.5 Transmutations
 - Level 9.0 Earth Magic


You had 8 spell levels left.
You knew the following spells:

 Your Spells              Type           Power        Failure   Level  Hunger
a - Sandblast             Erth           ######       1%          1    N/A
b - Stone Arrow           Conj/Erth      ######       1%          3    N/A
c - Petrify               Tmut/Erth      ######..     1%          4    N/A
d - Lee's Rapid Deconstr  Erth           ######....   1%          5    N/A
e - Sticks to Snakes      Tmut           ######..     1%          2    N/A
f - Vampiric Draining     Necr           ######....   1%          3    N/A
g - Apportation           Tloc           ###...       2%          1    N/A
h - Confusing Touch       Hex            ####..       1%          1    N/A
i - Death Channel         Necr           ######....   5%          6    N/A
j - Bolt of Draining      Conj/Necr      ######....   3%          5    N/A

Your spell library contained the following spells:

 Spells                   Type           Power        Failure   Level  Hunger
 Animate Skeleton         Necr           N/A          1%          1    N/A
 Beastly Appendage        Tmut           ######       1%          1    N/A
 Magic Dart               Conj           ####         1%          1    N/A
 Pain                     Necr           ####         1%          1    N/A
 Passwall                 Tmut/Erth      ######..     1%          2    N/A
 Searing Ray              Conj           #####.       1%          2    N/A
 Sublimation of Blood     Necr           ######....   1%          2    N/A
 Dazzling Spray           Conj/Hex       #####.       1%          3    N/A
 Dispel Undead            Necr           ######..     1%          5    N/A
 Summon Small Mammal      Summ           ###.         2%          1    N/A
 Spider Form              Tmut/Pois      ####......   2%          3    N/A
 Iskenderun's Mystic Bla  Conj           #####...     3%          4    N/A
 Fulminant Prism          Conj/Hex       #####.....   6%          4    N/A
 Blade Hands              Tmut           ######....   8%          5    N/A
 Recall                   Summ/Tloc      N/A          9%          3    N/A
 Ice Form                 Ice/Tmut       ####....     9%          4    N/A
 Excruciating Wounds      Chrm/Necr      #####.....   9%          5    N/A
 Force Lance              Conj/Tloc      ####....     10%         4    N/A
 Bolt of Magma            Conj/Fire/Erth #####.....   12%         5    N/A
 Iron Shot                Conj/Erth      ######....   24%         6    N/A
 Iskenderun's Battlesphe  Conj/Chrm      ####....     28%         5    N/A
 Venom Bolt               Conj/Pois      ####......   28%         5    N/A
 Simulacrum               Ice/Necr       #####.....   43%         6    N/A
 Summon Mana Viper        Hex/Summ       ####....     45%         5    N/A
 Aura of Abjuration       Summ           ###.......   61%         5    N/A
 Summon Demon             Summ           ###.......   61%         5    N/A
 Summon Forest            Summ/Tloc      ###.......   61%         5    N/A
 Orb of Destruction       Conj           #####.....   97%         7    N/A
 Shadow Creatures         Summ           N/A          99%         6    N/A
 Spellforged Servitor     Conj/Summ      ####......   100%        7    N/A

Dungeon Overview and Level Annotations

Branches:
Dungeon (15/15)            Temple (1/1) D:5            Lair (6/6) D:10
  Swamp (2/4) Lair:3        Snake (0/4) Lair:4        Slime (0/5) Lair:6
    Orc (2/2) D:10            Elf (0/3) Orc:2        Vaults (0/5) D:13
 Depths (0/5) D:15

Altars:
Ashenzari
Cheibriados
Dithmenos
Elyvilon
Fedhas
Gozag
Hepliaklqana
Kikubaaqudgha
Makhleb
Nemelex Xobeh
Okawaru
Qazlal
Ru
Sif Muna
Trog
Uskayaw
Vehumet
Wu Jian
Xom
Yredelemnul
Zin
The Shining One
Beogh
Jiyva

Shops:
D:4 *   D:6 =}**?   D:9 *   D:12 *   D:13 [   Orc:2 [%(!*!(

Annotations:
D:4 3 runed translucent doors, Vomitron's ghost, amateur DsGl
D:5 1 runed translucent door
D:9 exclusion: downstairs
Lair:3 3 runed translucent doors, Fuxod's ghost, journeyman GnWn
Swamp:2 Nikola


Innate Abilities, Weirdness & Mutations

You do not eat.
Your natural rate of healing is unusually fast.
You have razor-sharp teeth.
You have supernaturally acute eyesight. (SInv)
You can survive without breathing.


Message History

You enter the shallow water.
Moving in this stuff is going to be slow.
The thorn hunter fires a volley of thorns at you.
The volley of thorns hits you!!
The thorn hunter fires a volley of thorns at you.
The volley of thorns hits you!!
Casting: Death Channel (slightly dangerous; 5% risk of failure)
Confirm with . or Enter, or press ? or * to list all spells.
You can't see any susceptible monsters within range! (Use Z to cast anyway.)
You see here a scroll of remove curse.
As you read the scroll of teleportation, it crumbles to dust.
You feel strangely unstable. The thorn hunter hits you!
The thorn hunter barely misses you.
The thorn hunter fires a volley of thorns at you.
The volley of thorns hits you!!
* * * LOW HITPOINT WARNING * * *
The thorn hunter fires a volley of thorns at you.
The volley of thorns hits you!!
You die...
Kikubaaqudgha rasps: "You have failed me!
Welcome... death!"

≈≈.≈♣... .≈♣.♣♣
≈≈≈....≈.
♣.≈(...D≈≈≈.≈≈≈.≈
♣♣.≈.≈≈≈≈.≈.≈≈≈...
♣.....≈≈≈≈≈≈≈≈≈..≈ ≈
♣.≈♣...♣≈≈≈♣≈≈..≈ ≈..
♣.≈≈≈≈.......≈≈.≈
..≈≈≈♣♣♣≈♣≈≈..≈.♣...≈≈..
.......@.).≈.≈≈≈≈≈≈..≈.♣
♣♣.....♣.f≈≈≈≈≈.≈..^..≈≈
♣♣♣♣♣..≈?.≈..≈.§...♣.≈≈
♣♣♣♣♣♣♣♣♣...≈......
♣♣♣♣♣....♣♣ ♣♣♣♣♣♣


You could see a thorn hunter and a swamp dragon (sleeping).

Vanquished Creatures
  Jorgrun (D:14)
  Rupert (D:15)
  Gastronok (Orc:1)
  Kirke (D:14)
  A fire giant (D:15)
  An orc warlord (Orc:1)
  A dire elephant (Lair:6)
  A vault guard (D:13)
  An ogre mage (D:13)
  3 centaur warriors (D:14)
  11 hydras
  11 two-headed ogres
  4 alligators
  6 death yaks
  An orc high priest (Orc:2)
  2 unseen horrors (D:15)
  2 swamp dragons (Swamp:1)
  2 wizards
  Pikel (D:6)
  4 ugly things
  An orc knight (Orc:2)
  A deep elf mage (D:15)
  4 manticores
  A wolf spider (Lair:6)
  6 orc sorcerers
  5 cyclopes
  2 elephants (Lair:5)
  A black mamba (shapeshifter) (D:12)
  2 black mambas
  3 gargoyles
  4 rime drakes
  An orange demon (Lair:6)
  12 spiny frogs
  A freezing wraith (D:15)
  An efreet (D:12)
  A kobold demonologist (D:9)
  7 komodo dragons
  10 trolls
  6 meliai
  2 polar bears
  3 hornets
  Prince Ribbit (D:7)
  A queen bee (D:13)
  8 tyrant leeches (Swamp:1)
  A dream sheep (Lair:6)
  4 hippogriffs
  7 blink frogs
  Sigmund (D:3)
  4 wyverns
  2 shadows
  45 yaks
  8 humans (D:13)
  A wraith (D:11)
  2 basilisks
  8 vampire mosquitoes
  A hungry ghost (D:7)
  3 nagas (Lair:4)
  8 swamp worms
  A warg (Orc:1)
  Menkaure (D:6)
  2 hell hounds (Lair:6)
  2 acid dragons
  8 water moccasins
  10 porcupines
  A swamp drake (Swamp:1)
  6 sky beasts
  2 slaves
  3 ice beasts
  15 orc warriors
  A black bear (Lair:3)
  An elephant zombie (Lair:3)
  2 necrophages (D:8)
  An eye of draining (D:12)
  9 ogres
  4 wolves
  13 centaurs
  4 phantoms
  11 crocodiles
  14 big kobolds
  15 bullfrogs
  6 scorpions
  41 killer bees
  3 howler monkeys
  7 electric eels (Lair:3)
  5 wights
  2 bullfrog zombies
  10 crimson imps
  14 hounds
  4 quasits
  A jelly (D:13)
  21 orc wizards
  19 orc priests
  2 bullfrog skeletons
  Crazy Yiuf (D:7)
  A centaur skeleton (D:11)
  3 iguanas
  Ijyb (D:4)
  7 worker ants
  A killer bee zombie (D:9)
  A crocodile zombie (Lair:3)
  3 hound skeletons
  3 gnolls (D:4)
  16 adders
  6 shadow imps
  3 oozes
  3 adder skeletons
  A worm (D:3)
  A dart slug (D:3)
  2 leopard geckos
  49 orcs
  2 ball pythons
  6 bats
  4 giant cockroaches
  9 goblins
  12 hobgoblins
  11 jackals
  34 kobolds
  3 quokkas
  6 frilled lizards
  A goblin skeleton (D:5)
  A jackal skeleton (D:5)
  A leopard gecko skeleton (D:7)
  4 rats
  2 fungi
694 creatures vanquished.

Vanquished Creatures (collateral kills)
  3 hydras
  2 alligators (Swamp:1)
  A two-headed ogre (D:15)
  An ogre mage (D:15)
  6 death yaks
  A skeletal warrior (D:12)
  A swamp dragon (Swamp:1)
  A necromancer (Lair:3)
  An ugly thing (D:13)
  A cyclops (Orc:1)
  4 elephants
  4 black mambas
  A centaur skeleton (D:14)
  A komodo dragon (Lair:5)
  2 spiny frogs
  2 trolls
  A tyrant leech (Swamp:1)
  5 blink frogs
  A hornet (Swamp:1)
  6 slime creatures (Swamp:1)
  4 hippogriffs (Lair:2)
  A wyvern (D:12)
  A shadow (D:12)
  A vampire (D:15)
  29 yaks
  2 humans (D:13)
  2 vampire mosquitoes
  A basilisk (D:12)
  A swamp worm (Swamp:1)
  4 insubstantial wisps (Swamp:1)
  4 water moccasins
  6 porcupines
  2 orc warriors
  An ice beast (D:12)
  A necrophage (D:12)
  A centaur (D:14)
  5 ogres
  8 wolves
  9 crocodiles
  A big kobold (D:12)
  2 bullfrogs
  4 killer bees
  A wight (D:14)
  An electric eel (Lair:2)
  A crimson imp (D:15)
  2 orc priests
  3 orc wizards (Orc:2)
  A crocodile zombie (Lair:3)
  2 adders (D:12)
  7 orcs
  A kobold (D:9)
  9 fungi
  6 plants
169 creatures vanquished.

Vanquished Creatures (others)
  A centaur zombie (D:14)
  3 humans
  An eye of draining (D:12)
  An orc priest (Orc:2)
  An orc wizard (Orc:2)
  2 orcs
  40 bushes
  22 fungi
  45 plants
116 creatures vanquished.

Grand Total: 979 creatures vanquished

Notes
Turn   | Place    | Note
-------+----------+-------------------------------------------
     0 | D:1      | billz999 the Vampire Earth Elementalist began the quest for
                  | the Orb.
     0 | D:1      | Reached XP level 1. HP: 13/13 MP: 3/3
    60 | D:1      | Reached skill level 4 in Stealth
   118 | D:1      | Reached XP level 2. HP: 15/19 MP: 1/5
   308 | D:1      | Reached skill level 5 in Stealth
   593 | D:1      | Reached XP level 3. HP: 9/24 MP: 3/6
   964 | D:2      | Reached skill level 6 in Stealth
  1214 | D:2      | Reached XP level 4. HP: 21/30 MP: 4/7
  1243 | D:2      | Learned a level 3 spell: Stone Arrow
  1788 | D:2      | Reached skill level 7 in Stealth
  1991 | D:3      | Found an ornate altar of the Wu Jian Council.
  2185 | D:3      | Noticed Sigmund
  2399 | D:4      | Noticed a phantom
  2434 | D:4      | Killed a phantom
  2434 | D:4      | Reached skill level 1 in Conjurations
  2434 | D:4      | Reached XP level 5. HP: 32/35 MP: 0/10
  2462 | D:4      | Noticed an ogre
  2465 | D:4      | Killed an ogre
  2465 | D:4      | Reached XP level 6. HP: 41/41 MP: 4/11
  2521 | D:4      | Noticed Vomitron's ghost (amateur DsGl)
  2538 | D:4      | Found Xuwi's General Store.
  2686 | D:4      | Bought a potion of curing for 39 gold pieces
  2686 | D:4      | Bought a scroll of fear for 45 gold pieces
  2891 | D:4      | Noticed Ijyb
  2911 | D:4      | Killed Ijyb
  3070 | D:4      | Found a runed translucent gate.
  3070 | D:4      | Found a runed translucent gate.
  3070 | D:4      | Found a runed translucent gate.
  3145 | D:4      | Reached XP level 7. HP: 44/46 MP: 2/13
  3340 | D:4      | Reached skill level 8 in Stealth
  3758 | D:5      | Entered Level 5 of the Dungeon
  4206 | D:5      | Reached skill level 9 in Stealth
  4206 | D:5      | Reached skill level 5 in Spellcasting
  4353 | D:5      | Found a staircase to the Ecumenical Temple.
  4364 | Temple   | Entered the Ecumenical Temple
  4593 | Temple   | Became a worshipper of Kikubaaqudgha
  4663 | D:6      | Found a burning altar of Makhleb.
  4719 | D:6      | Found a bloodstained altar of Trog.
  4743 | D:6      | Reached skill level 5 in Earth Magic
  4743 | D:6      | Reached XP level 8. HP: 52/52 MP: 14/16
  4769 | D:6      | Found a radiant altar of Vehumet.
  4874 | D:6      | Found Lear's Jewellery Emporium.
  4895 | D:6      | Found Nuqeant's Gadget Shop.
  4944 | D:6      | Noticed Pikel
  5020 | D:6      | Found Uschet's Assorted Antiques.
  5285 | D:6      | Killed Pikel
  5285 | D:6      | Reached skill level 10 in Stealth
  5289 | D:6      | Found a shimmering blue altar of Sif Muna.
  5556 | D:6      | Noticed Menkaure
  5569 | D:6      | Killed Menkaure
  5644 | D:6      | Learned a level 4 spell: Petrify
  5650 | D:6      | Learned a level 5 spell: Lee's Rapid Deconstruction
  5653 | D:6      | Learned a level 2 spell: Sticks to Snakes
  5875 | D:5      | Found a runed translucent door.
  5970 | D:5      | Found a basalt altar of Yredelemnul.
  6375 | D:3      | Killed Sigmund
  6375 | D:3      | Reached XP level 9. HP: 41/57 MP: 6/19
  6878 | D:6      | Reached skill level 1 in Shields
  6991 | D:6      | Found Hibyhocuru's Assorted Antiques.
  7100 | D:6      | Found Ifeegrod's Magic Scroll Shoppe.
  7394 | D:6      | Found a shattered altar of Ashenzari.
  7513 | D:7      | Reached * piety under Kikubaaqudgha
  7513 | D:7      | Identified Kikubaaqudgha's Handbook of Black Secrets
                  | (Kikubaaqudgha gifted it to you on level 7 of the Dungeon)
  7513 | D:7      | Received a gift from Kikubaaqudgha
  7605 | D:7      | Learned a level 3 spell: Vampiric Draining
  7798 | D:7      | Noticed Prince Ribbit
  7813 | D:7      | Killed Prince Ribbit
  7907 | D:7      | Found a runed translucent door.
  7908 | D:7      | Noticed Crazy Yiuf
  7915 | D:7      | Killed Crazy Yiuf
  7917 | D:7      | Got a bloodstained mace
  8538 | D:8      | Noticed a two-headed ogre
  8570 | D:8      | Killed a two-headed ogre
  8570 | D:8      | Reached skill level 5 in Transmutations
  8601 | D:8      | Reached XP level 10. HP: 47/63 MP: 6/20
  8706 | D:8      | Found a glowing golden altar of the Shining One.
  8947 | D:6      | Bought a transparent dagger for 175 gold pieces
  8947 | D:6      | Identified the +3 dagger of Symmetry {pierce, rPois SInv}
                  | (You bought it in a shop on level 6 of the Dungeon)
  9205 | D:8      | Found a hide-covered altar of Uskayaw.
  9205 | D:8      | Noticed a +0 hand axe
  9206 | D:8      | Noticed a +0 hand axe
  9363 | D:8      | Noticed a two-headed ogre
  9823 | D:8      | Killed a two-headed ogre
  9997 | D:8      | Reached ** piety under Kikubaaqudgha
 10336 | D:9      | Noticed a two-headed ogre
 10348 | D:9      | Killed a two-headed ogre
 10348 | D:9      | Reached skill level 5 in Fighting
 10470 | D:9      | Noticed a two-headed ogre
 10479 | D:9      | Killed a two-headed ogre
 10866 | D:9      | Reached skill level 1 in Necromancy
 11066 | D:8      | Reached skill level 11 in Stealth
 11075 | D:8      | Reached XP level 11. HP: 72/83 MP: 5/21
 11595 | D:9      | Noticed a sixfirhy
 11728 | D:9      | Learned a level 1 spell: Apportation
 11808 | D:9      | Found a glowing silver altar of Zin.
 11809 | D:9      | Found Zin's Purification Station.
 12018 | D:10     | Entered Level 10 of the Dungeon
 12307 | D:10     | Reached *** piety under Kikubaaqudgha
 12307 | D:10     | Identified Kikubaaqudgha's Guide on Evil Rituals
                  | (Kikubaaqudgha gifted it to you on level 10 of the Dungeon)
 12307 | D:10     | Received a gift from Kikubaaqudgha
 12530 | D:9      | Reached skill level 12 in Stealth
 12619 | D:9      | Learned a level 1 spell: Confusing Touch
 13159 | D:10     | Reached skill level 5 in Necromancy
 13306 | D:10     | Noticed a two-headed ogre
 14120 | D:10     | Killed a two-headed ogre
 14246 | D:10     | Reached **** piety under Kikubaaqudgha
 14461 | D:10     | Found a staircase to the Orcish Mines.
 14508 | D:10     | Found a staircase to the Lair.
 14757 | Lair:1   | Entered Level 1 of the Lair of Beasts
 14949 | Lair:1   | Reached skill level 13 in Stealth
 15099 | Lair:1   | Reached XP level 12. HP: 84/89 MP: 8/23
 15278 | Lair:1   | Learned a level 6 spell: Death Channel
 15741 | Lair:1   | Got an ancient steel ring
 15779 | Lair:1   | Reached skill level 14 in Stealth
 16412 | Lair:2   | Noticed a seven-headed hydra
 16423 | Lair:2   | Killed a seven-headed hydra
 16808 | Lair:2   | Identified the cursed +1 mace of the Little People
                  | {antimagic, MR+} (You found it on level 7 of the Dungeon)
 17002 | Lair:3   | Found a staircase to the Swamp.
 17124 | Lair:3   | You fall into a shaft and drop 2 floors!
 17234 | Lair:5   | HP: 4/133 [blink frog (7)]
 17236 | Lair:5   | Reached ***** piety under Kikubaaqudgha
 17404 | Lair:5   | Identified the ring "Qogaedi" {Str+2 Stlth-} (You found it
                  | on level 1 of the Lair of Beasts)
 17918 | Lair:5   | Noticed an eight-headed hydra
 17928 | Lair:5   | Killed an eight-headed hydra
 18231 | Lair:4   | Noticed a death yak
 18232 | Lair:4   | Noticed a death yak
 18233 | Lair:4   | Noticed a death yak
 18234 | Lair:4   | Noticed a death yak
 18234 | Lair:4   | Noticed a death yak
 18235 | Lair:4   | Noticed a death yak
 18712 | Lair:4   | Killed a death yak
 18712 | Lair:4   | Reached skill level 10 in Necromancy
 18722 | Lair:4   | Killed a death yak
 18762 | Lair:4   | Killed a death yak
 18837 | Lair:4   | Killed a death yak
 18837 | Lair:4   | Reached skill level 10 in Spellcasting
 18993 | Lair:4   | Learned a level 5 spell: Bolt of Draining
 19316 | Lair:4   | Reached XP level 13. HP: 77/94 MP: 19/27
 19365 | Lair:4   | Found a staircase to the Snake Pit.
 20130 | Lair:3   | Found a runed translucent gate.
 20130 | Lair:3   | Found a runed translucent gate.
 20130 | Lair:3   | Found a runed translucent gate.
 20133 | Lair:3   | Noticed Fuxod's ghost (journeyman GnWn)
 21281 | Lair:6   | Entered Level 6 of the Lair of Beasts
 21663 | Lair:5   | Reached skill level 5 in Conjurations
 21878 | Lair:5   | Reached skill level 1 in Short Blades
 22133 | Lair:6   | HP: 1/94 [crocodile (18)]
 22345 | Lair:6   | Reached skill level 5 in Short Blades
 22523 | Lair:6   | Reached ****** piety under Kikubaaqudgha
 23015 | Lair:6   | Noticed a dire elephant
 23021 | Lair:6   | Killed a dire elephant
 23021 | Lair:6   | Reached XP level 14. HP: 92/101 MP: 12/28
 23045 | Lair:6   | Reached skill level 10 in Short Blades
 23262 | Lair:6   | Found a viscous altar of Jiyva.
 23263 | Lair:6   | Found a staircase to the Slime Pits.
 23362 | Lair:6   | Found a burning altar of Makhleb.
 24743 | D:12     | Found Exuiv's General Store.
 25030 | D:6      | Bought an uncursed ring of protection from magic for 325
                  | gold pieces
 25151 | Orc:1    | Entered Level 1 of the Orcish Mines
 25161 | Orc:1    | Noticed Gastronok
 25173 | Orc:1    | Killed Gastronok
 25173 | Orc:1    | Reached skill level 15 in Stealth
 25187 | Orc:1    | Noticed an orc warlord
 26518 | D:12     | Noticed a storm dragon
 26763 | D:6      | Bought an uncursed amulet of magic regeneration for 390
                  | gold pieces
 26898 | Orc:1    | Killed an orc warlord
 27572 | Orc:2    | Entered Level 2 of the Orcish Mines
 27625 | Orc:2    | Found a staircase to the Elven Halls.
 27632 | Orc:2    | Found a roughly hewn altar of Beogh.
 27652 | Orc:2    | Reached skill level 16 in Stealth
 28590 | Orc:2    | Found Fozis's Weapon Shop.
 28638 | Orc:2    | Found Jyvecyf's Distillery.
 28638 | Orc:2    | Found Jock's Weapon Shop.
 28639 | Orc:2    | Found Ycunitaa's Assorted Antiques.
 28642 | Orc:2    | Found Diph's Distillery.
 28645 | Orc:2    | Bought a potion of heal wounds for 75 gold pieces
 28645 | Orc:2    | Bought a potion of haste for 150 gold pieces
 28645 | Orc:2    | Bought a potion of curing for 45 gold pieces
 28645 | Orc:2    | Bought a potion of magic for 120 gold pieces
 28645 | Orc:2    | Bought a potion of magic for 120 gold pieces
 28645 | Orc:2    | Bought a potion of flight for 45 gold pieces
 28645 | Orc:2    | Bought a potion of curing for 45 gold pieces
 28647 | Orc:2    | Bought a scroll of fear for 98 gold pieces
 28648 | Orc:2    | Bought a potion of curing for 42 gold pieces
 28648 | Orc:2    | Bought a potion of invisibility for 112 gold pieces
 28648 | Orc:2    | Bought a potion of lignification for 42 gold pieces
 28749 | Orc:2    | Found Maefamm's Antique Armour Boutique.
 28751 | Orc:2    | Found Kueliaxi's Food Boutique.
 28757 | Orc:2    | Bought a pair of brightly glowing gloves for 218 gold
                  | pieces
 28768 | Orc:2    | Identified the +1 pair of gloves "Finaikhlieg" {rF- Regen+
                  | Int+6 Dex+3} (You bought it in a shop on level 2 of the
                  | Orcish Mines)
 28983 | D:6      | Bought an embroidered cloak for 187 gold pieces
 29633 | D:13     | Found Rueklirgh's Armour Shop.
 29771 | D:13     | Found a gate to the Vaults.
 29868 | D:13     | Reached XP level 15. HP: 95/112 MP: 16/30
 30364 | D:14     | Noticed Jorgrun
 30469 | D:14     | Reached skill level 17 in Stealth
 30798 | D:14     | Noticed Kirke
 30811 | D:14     | Killed Kirke
 30892 | D:14     | Killed Jorgrun
 31078 | D:15     | Entered Level 15 of the Dungeon
 31081 | D:15     | Reached skill level 10 in Fighting
 31139 | D:15     | Noticed Rupert
 31146 | D:15     | Killed Rupert
 31396 | D:15     | Found a glowing silver altar of Zin.
 31447 | D:15     | Found a staircase to the Depths.
 31447 | D:15     | Noticed a fire giant
 31470 | D:15     | Killed a fire giant
 31474 | D:15     | Got a slimy bronze amulet
 31474 | D:15     | Identified the amulet "Qabross" {Harm *Drain rC++} (You
                  | found it on level 15 of the Dungeon)
 31687 | D:15     | Reached skill level 5 in Shields
 32062 | Swamp:1  | Entered Level 1 of the Swamp
 33584 | Swamp:2  | Noticed Nikola
 33895 | Swamp:2  | Noticed a thorn hunter
 33908 | Swamp:2  | Killed from afar by a thorn hunter

Levels and vault maps discovered:
D:1:      nzn_arrival_water_spiral, layout_basic
D:2:      layout_basic, first_ration
D:3:      layout_loops_cross, marbit_many_paths, minmay_liquid_box,
          mrwooster_statue_mirror, uniq_sigmund
D:4:      layout_gridville, gammafunk_ghost_split, serial_shops, shop,
          minmay_distorted, uniq_ijyb
D:5:      layout_rooms, minmay_temple_entry_overgrown, dk_yredelemnul_ordeal
D:6:      layout_loops_ring, lemuel_doored_altar,
          nicolae_overflow_quartered_altars, serial_shops, shop,
          nicolae_shop_overgrown_old_shop, shop, shop, nicolae_shop_waterfront,
          uniq_pikel, uniq_menkaure
D:7:      layout_cave_pods, uniq_prince_ribbit1, uniq_crazy_yiuf_cottage
D:8:      layout_basic, dancing_weapons_uskayaw, lemuel_round_altar
D:9:      layout_small_grid, zin_purify, special_room [special_room_kobold]
D:10:     layout_irregular_city, minmay_lair_entry_grove, erik_orc_4
D:11:     layout_rooms
D:12:     kennysheep_green_arena, layout_small_grid, serial_shops, shop_statue
D:13:     minmay_inside_and_out, layout_loops_ring, ximxim_vaults_locker_room,
          serial_shops, nicolae_shop_crystal, special_room [special_room_bee]
D:14:     minmay_evil_eye, layout_rooms, serial_corexii_hall,
          chequers_hall_statues_wall_a, chequers_hall_statues_corner_a,
          uniq_jorgrun, uniq_kirke
D:15:     grunt_enter_depths_giant_problem, layout_long_grid, basic_altar,
          hangedman_decor_riveting, minivault_26, uniq_rupert
Temple:   nicolae_temple_figure_eight
Lair:1:   layout_small_grid
Lair:2:   layout_hall_layers, chequers_serial_rivers_small_b,
          infiniplex_staircase_pool, serial_bayou_shore_a
Lair:3:   pond_and_an_island_with_a_cottage, layout_gridlike, swamp_mist,
          gammafunk_ghost_necromancy
Lair:4:   layout_layer_cave, minmay_snake_entry_guardpost_small, serial_forest,
          infiniplex_forest_clump_long, infiniplex_forest_straight_4,
          infiniplex_forest_straight_5, infiniplex_forest_lined_2,
          infiniplex_forest_straight_4, infiniplex_forest_lined_2,
          infiniplex_forest_lined_ring, infiniplex_forest_straight_1
Lair:5:   layout_gridlike
Lair:6:   evil_forest, layout_regular_city, dpeg_slime_entry_enclosed_altar,
          minmay_hedge_maze, minmay_shattered_shrine, lemuel_fruit_fields
Swamp:1:  layout_basic_swamp, evilmike_swamp_ruin_rubble_1, swamp_pool2,
          hangedman_swamp_wriggling
Swamp:2:  layout_falls_marsh, evilmike_swamp_ruin_rubble_2, uniq_nikola
Orc:1:    layout_caves, uniq_gastronok
Orc:2:    st_orc_mages, layout_caves, basic_altar, serial_shops, shop,
          shop_statue, shop

Skill      XL: |  1  2  3  4  5  6  7  8  9 10 11 12 13 14 15 |
---------------+----------------------------------------------+-----
Stealth        | 4 5 6 7 9 10 11 13 14 16 17 | 17.0
Spellcasting   | 3 4 5 6 7 10 11 12 | 12.8
Conjurations   | 1 5 |  5.0
Earth Magic    | 5 6 8 9 |  9.0
Shields        | 4 7 |  7.5
Transmutations | 5 |  5.5
Fighting       | 6 8 10 | 10.5
Necromancy     | 1 7 10 | 10.7
Dodging        | 3 4 |  4.9
Hexes          | 2 |  2.2
Short Blades   | 9 10 | 10.0

Action                   |  1- 3 |  4- 6 |  7- 9 | 10-12 | 13-15 || total
-------------------------+-------+-------+-------+-------+-------++-------
Melee: Unarmed           |     7 |    10 |       |       |       ||    17
       Dagger            |   126 |    59 |   149 |   482 |   741 ||  1557
       Bite              |     8 |     3 |    16 |    31 |    74 ||   132
 Fire: Hunting sling     |       |    31 |    12 |       |       ||    43
Throw: Dart              |       |       |       |     2 |       ||     2
       Stone             |       |       |       |     1 |       ||     1
 Cast: Sandblast         |    23 |    38 |    44 |    34 |     5 ||   144
       Stone Arrow       |       |    10 |    77 |    83 |    14 ||   184
       Petrify           |       |       |     5 |   132 |   115 ||   252
       Sticks to Snakes  |       |       |     4 |    24 |    19 ||    47
       Lee's Rapid Decon |       |       |       |    31 |    24 ||    55
       Vampiric Draining |       |       |       |     3 |    11 ||    14
       Death Channel     |       |       |       |    17 |    53 ||    70
       Confusing Touch   |       |       |       |    14 |    31 ||    45
       Bolt of Draining  |       |       |       |     1 |   139 ||   140
 Abil: Bat Form          |       |       |       |     2 |       ||     2
       End Transformatio |       |       |       |     1 |       ||     1
       Exsanguinate      |       |       |       |     1 |       ||     1
       Revivify          |       |       |       |     1 |       ||     1
Evoke: Wand              |       |       |     2 |     6 |    18 ||    26
  Use: Scroll            |       |     2 |     2 |    11 |    21 ||    36
       Potion            |       |     1 |     1 |    13 |     3 ||    18
 Stab: Sleeping          |     5 |     5 |    19 |    21 |    75 ||   125
       Petrified         |       |       |     8 |   100 |    57 ||   165
       Petrifying        |       |       |     1 |    10 |    22 ||    33
       Distracted        |       |       |     1 |     2 |     7 ||    10
       Confused          |       |       |       |     7 |    14 ||    21
       Invisible         |       |       |       |     1 |       ||     1
       Paralysed         |       |       |       |       |     1 ||     1
Armor: Robe              |    30 |    19 |    32 |   100 |   150 ||   331
       Skin              |       |     3 |       |    17 |       ||    20
Dodge: Dodged            |    90 |    62 |   138 |   423 |   430 ||  1143
Block: Buckler           |       |       |     3 |   151 |   183 ||   337
